 Dungeon Crawl Stone Soup version 0.22-a0-456-g11ed031617 (webtiles) character file.

4921 Ireaine the Cleaver (level 10, -5/91 HPs)
             Began as a Minotaur Berserker on June 7, 2018.
             Was an Elder of Trog.
             Slain by a rust devil (8 damage)
             ... on level 8 of the Dungeon.
             The game lasted 00:33:26 (7916 turns).

Ireaine the Cleaver (Minotaur Berserker)            Turns: 7916, Time: 00:33:27

Health: -5/91      AC: -11   Str: 22    XL:     10   Next: 27%
Magic:  9/9        EV: 11    Int:  4    God:    Trog [****..]
Gold:   397        SH:  0    Dex: 16    Spells: 9/9 levels left

rFire    . . .     SeeInvis +   d - +0 battleaxe
rCold    . . .     Gourm    .   (shield currently unavailable)
rNeg     . . .     Faith    .   a - +0 plate armour
rPois    .         Spirit   .   (helmet restricted)
rElec    .         Reflect  .   (no cloak)
rCorr    .         Harm     .   l - +0 pair of gloves
MR       ++...                  o - +0 pair of boots
Stlth    ..........             (no amulet)
HPRegen  1.25/turn              f - ring of see invisible
MPRegen  0.11/turn              k - +3 ring of dexterity

@: corroded, berserk cooldown, regenerating, slowed, very slow
A: retaliatory headbutt, horns 2
a: Berserk, Trog's Hand, Brothers in Arms, Renounce Religion


You were on level 8 of the Dungeon.
You worshipped Trog.
Trog was greatly pleased with you.
You were not hungry.

You visited 2 branches of the dungeon, and saw 9 of its levels.
You also visited: Sewer.

You collected 397 gold pieces.

Inventory:

Hand Weapons
 d - a +0 battleaxe (weapon)
Armour
 a - a +0 plate armour (worn)
 l - a +0 pair of gloves (worn)
 o - a +0 pair of boots (worn)
 s - a +0 chain mail
Jewellery
 f - a ring of see invisible (left hand)
 j - the ring of Greed {Str+2 Int+3}
   (You found it on level 8 of the Dungeon)

   [ring of intelligence]

   It affects your strength (+2).
   It affects your intelligence (+3).
 k - a +3 ring of dexterity (right hand)
Wands
 b - a wand of polymorph (11)
 y - a wand of iceblast (11)
Scrolls
 h - 2 scrolls of remove curse
 q - 2 scrolls of identify
 x - a scroll of blinking
Potions
 e - 2 potions of berserk rage
 g - 5 potions of haste
 i - a potion of resistance
 m - a potion of agility
 n - 4 potions of flight
 r - a potion of mutation {unknown}
 u - a potion of degeneration {unknown}
 v - a potion of brilliance {unknown}
 w - a potion of ambrosia {unknown}
Comestibles
 c - 7 rations


   Skills:
 + Level 9.0 Fighting
 * Level 11.8 Axes
 + Level 8.4 Armour
 + Level 7.8 Dodging


You had 9 spell levels left.
You didn't know any spells.
Your spell library was empty.

Dungeon Overview and Level Annotations

Branches:
Dungeon (8/15)             Temple (1/1) D:4
   Lair: D:8-11

Altars:
Ashenzari
Cheibriados
Dithmenos
Elyvilon
Fedhas
Gozag
Hepliaklqana
Kikubaaqudgha
Makhleb
Nemelex Xobeh
Okawaru
Qazlal
Ru
Sif Muna
Trog
Uskayaw
Vehumet
Wu Jian
Xom
Yredelemnul
Zin
The Shining One

Shops:
D:6 [   D:8 ?


Innate Abilities, Weirdness & Mutations

You reflexively headbutt those who attack you in melee.
You have a pair of horns on your head.


Message History

The rust devil corrodes you!
You can't go up here!
The orc warrior barely misses you.
You climb downwards.
You feel a strong urge to attack something.
You are no longer berserk.
You are exhausted.
You feel yourself slow down.
There is a stone staircase leading up here.
You feel better. The rust devil hits you.
* * * LOW HITPOINT WARNING * * *
The rust devil corrodes you! The rust devil hits you.
* * * LOW HITPOINT WARNING * * *
The rust devil corrodes you!
The orc warrior hits you with a war axe!
* * * LOW HITPOINT WARNING * * *
The rust devil closely misses you. You furiously retaliate!
You headbutt the rust devil, but do no damage.
The rust devil hits you!
You die...

#...# #.. #...# #.. ####### #...#
#.. #.....# #...# #.. #.....##
#...# #.. #......## #...# #..
####.#..# #..## ###.. #.##.#
###########..#####....
#.##.###...4@4#..............
#.##.##....o....###..#####...
#.##............##..## #....
#.####..............# #.##.
#####.# #...........##.#####.##.
......####..........###.......##.
..###....#..........###..####....
......##...........###...####....
......####.......).#...#......###


You could see 2 rust devils and an orc warrior.

Vanquished Creatures
  A two-headed ogre (D:8)
  Pikel (D:6)
  The ghost of Deemzul the Skirmisher, a novice HOFi of Cheibriados (D:5)
  A hippogriff (D:7)
  A water moccasin (D:7)
  4 orc warriors
  4 slaves (D:6)
  3 ice beasts (D:5)
  A phantom (D:5)
  A sky beast (D:5)
  A centaur (D:8)
  An ogre (D:7)
  2 big kobolds
  2 bullfrogs
  3 scorpions
  9 wights
  7 crimson imps
  A bullfrog zombie (D:5)
  5 orc priests
  3 hounds
  2 jellies
  A centaur skeleton (D:8)
  Ijyb (D:3)
  Terence (D:3)
  5 worker ants
  4 iguanas
  3 orc wizards
  2 worker ant zombies (D:6)
  8 adders
  4 river rats
  2 shadow imps (D:6)
  2 oozes
  An adder skeleton (D:6)
  2 worms
  3 dart slugs
  4 leopard geckos
  32 orcs
  8 giant cockroaches
  7 goblins
  2 hobgoblins
  7 jackals
  5 quokkas
  2 ball pythons (D:3)
  8 bats
  A frilled lizard (D:2)
  13 kobolds
  A quokka skeleton (D:7)
  A quokka zombie (D:6)
  8 rats
  A plant (D:6)
193 creatures vanquished.

Vanquished Creatures (collateral kills)
  A water moccasin (D:7)
1 creature vanquished.

Grand Total: 194 creatures vanquished

Notes
Turn   | Place    | Note
-------+----------+-------------------------------------------
     0 | D:1      | Ireaine the Minotaur Berserker began the quest for the Orb.
     0 | D:1      | Reached XP level 1. HP: 19/19 MP: 0/0
   118 | D:1      | Found a shattered altar of Ashenzari.
   151 | D:2      | Noticed a hound
   809 | D:2      | Reached XP level 2. HP: 27/27 MP: 1/1
   815 | D:2      | Reached skill level 4 in Axes
   857 | D:2      | Reached XP level 3. HP: 2/33 MP: 2/2
  1405 | D:2      | Reached XP level 4. HP: 40/40 MP: 3/3
  1427 | D:2      | Found a faded altar of an unknown god.
  1690 | D:3      | Noticed Terence
  1702 | D:3      | Killed Terence
  1763 | D:3      | Reached ** piety under Trog
  1764 | D:3      | Reached skill level 5 in Axes
  1776 | D:3      | Found a glowing drain.
  1921 | Sewer    | Entered a sewer
  1938 | Sewer    | Reached XP level 5. HP: 44/47 MP: 4/4
  2037 | Sewer    | Found a white marble altar of Elyvilon.
  2293 | D:3      | Noticed Ijyb
  2295 | D:3      | Paralysed by Ijyb for 5 turns
  2304 | D:3      | Killed Ijyb
  2304 | D:3      | Reached XP level 6. HP: 55/55 MP: 5/5
  2581 | D:4      | Reached skill level 6 in Axes
  2626 | D:4      | Reached *** piety under Trog
  2761 | D:4      | Reached skill level 5 in Fighting
  2984 | D:4      | Found a staircase to the Ecumenical Temple.
  3500 | D:5      | Entered Level 5 of the Dungeon
  3527 | D:5      | Noticed an ice beast
  3533 | D:5      | Killed an ice beast
  3533 | D:5      | Reached XP level 7. HP: 61/61 MP: 6/6
  3604 | D:5      | Reached skill level 7 in Axes
  3729 | D:5      | Noticed Deemzul's ghost (novice HOFi)
  3743 | D:5      | Reached skill level 5 in Armour
  3746 | D:5      | Killed Deemzul's ghost
  3746 | D:5      | Reached skill level 8 in Axes
  3746 | D:5      | Reached skill level 5 in Dodging
  3746 | D:5      | Reached XP level 8. HP: 16/71 MP: 7/7
  4076 | D:5      | Reached skill level 9 in Axes
  4477 | D:5      | Noticed a hippogriff
  4477 | D:5      | Noticed a hippogriff
  4478 | D:5      | Found a sparkling altar of Nemelex Xobeh.
  4478 | D:5      | Found a transporter.
  4797 | Temple   | Entered the Ecumenical Temple
  5522 | D:6      | Reached XP level 9. HP: 79/79 MP: 8/8
  5549 | D:6      | Noticed Pikel
  5564 | D:6      | Killed Pikel
  5564 | D:6      | Reached skill level 10 in Axes
  5611 | D:6      | Reached **** piety under Trog
  5758 | D:6      | Found Jyihucro's Antique Armour Boutique.
  6459 | D:7      | Found a sparkling altar of Nemelex Xobeh.
  6954 | D:7      | Reached skill level 11 in Axes
  7125 | D:8      | Found Zulef's Magic Scroll Emporium.
  7286 | D:8      | Reached XP level 10. HP: 90/90 MP: 9/9
  7296 | D:8      | Noticed a two-headed ogre
  7315 | D:8      | Killed a two-headed ogre
  7686 | D:8      | Got a warped pewter ring
  7688 | D:8      | Identified the ring of Greed {Str+2 Int+3} (You found it on level 8 of the Dungeon)
  7898 | D:7      | Noticed a rust devil
  7898 | D:7      | Noticed a rust devil
  7916 | D:8      | HP: 3/91 [orc warrior/war axe (12)]
  7916 | D:8      | Slain by a rust devil

Vault maps used:
D:1:      dpeg_arrival_rooms_a, nicolae_ashenzari_panopticon
D:2:      chequers_ecumenical_altar_lobes, first_ration
D:3:      portal_sewer_entry_e, uniq_ijyb, uniq_terence
D:4:      minmay_temple_entry_from_below_b
D:5:      grunt_nemelex_the_gamble
D:6:      serial_shops, nicolae_shop_overgrown_old_shop, st_stairs_12,
          grunt_ministairs_15, wad_floor_pattern_1, uniq_pikel
D:7:      cheibrodos_iron_armory, lemuel_doored_altar
D:8:      serial_shops, shop
Temple:   nicolae_temple_the_god_donut
Sewer:    sewer_kobolds

Skill      XL: |  1  2  3  4  5  6  7  8  9 10 |
---------------+-------------------------------+-----
Axes           | 4 5 6 8 9 11 | 11.8
Fighting       | 4 5 6 7 8 9 |  9.0
Armour         | 3 4 5 6 8 |  8.4
Dodging        | 3 4 5 6 7 |  7.8

Action                   |  1- 3 |  4- 6 |  7- 9 | 10-12 || total
-------------------------+-------+-------+-------+-------++-------
Melee: Hand axe          |    48 |   160 |    78 |       ||   286
       Headbutt          |     6 |    28 |    69 |     8 ||   111
       War axe           |       |       |   195 |    21 ||   216
       Battleaxe         |       |       |       |     9 ||     9
Invok: Berserk           |     1 |     5 |     9 |     1 ||    16
       Trog's Hand       |       |       |     3 |     2 ||     5
       Brothers in Arms  |       |       |     1 |       ||     1
  Use: Scroll            |     3 |     6 |     8 |       ||    17
       Potion            |       |       |       |     4 ||     4
  Eat: Ration            |     1 |     3 |     5 |     2 ||    11
       Chunk             |       |     1 |     2 |       ||     3
Armor: Leather armour    |     3 |       |       |       ||     3
       Ring mail         |     3 |    31 |       |       ||    34
       Scale mail        |       |    12 |    19 |       ||    31
       Chain mail        |       |       |    40 |       ||    40
       Plate armour      |       |       |    41 |    21 ||    62
       Skin              |       |       |       |     6 ||     6
Dodge: Dodged            |    36 |    91 |   144 |    33 ||   304

Table legend:
 A = Spawn XP
 B = Non-spawn XP
 C = Spawn XP percentage of total XP
 D = Spawn monster count
 E = Non-spawn monster count
 F = Spawn count percentage of total count
 G = Total turns spent on level
                    A         B        C        D         E        F      G
               +---------+---------+-------+---------+---------+-------+---------
         Total |       0 |    7031 |   0.0 |       0 |     189 |   0.0 |  7916
               +---------+---------+-------+---------+---------+-------+---------
           D:1 |       0 |       9 |   0.0 |       0 |       6 |   0.0 |   803
           D:2 |       0 |     101 |   0.0 |       0 |      22 |   0.0 |   847
           D:3 |       0 |     133 |   0.0 |       0 |      24 |   0.0 |   732
           D:4 |       0 |     272 |   0.0 |       0 |      14 |   0.0 |  1092
           D:5 |       0 |    1613 |   0.0 |       0 |      22 |   0.0 |  1330
           D:6 |       0 |    1304 |   0.0 |       0 |      29 |   0.0 |   954
           D:7 |       0 |    1550 |   0.0 |       0 |      37 |   0.0 |   827
           D:8 |       0 |    1899 |   0.0 |       0 |      24 |   0.0 |   894
         Sewer |       0 |     150 |   0.0 |       0 |      11 |   0.0 |   162
               +---------+---------+-------+---------+---------+-------+---------
